Map: Echo LE (Void)

Players

LooKe - Winner!

  • Race: Zerg Zerg

AgCl

  • Race: Protoss Protoss

VOD

Have the link to the VOD?

Description

Time

  • Played on: May 1, 2015, 7:29 p.m.
  • Length: 2:20
Show
View Real Time Build Order
Export as new Build Order

LooKe Zerg - Winner!

Build Orders: Pool First 

Get SALT Encoding   

  12  0:21  Spawning Pool  
  11  0:22  Drone  
  11  0:25  Drone  
  13  0:31  Drone  
  14  0:37  Drone, Extractor  
  14  0:46  Overlord  
  14  1:07  Zergling x4  
  14  1:09  Queen  
  18  1:24  Drone  
  19  1:34  Drone  
  20  1:41  Drone  
  21  1:49  Overlord  
  21  1:58  Hatchery  
Show
View Real Time Build Order
Export as new Build Order

AgCl Protoss 

Build Orders: 1 Gate Expand 

Get SALT Encoding   

  12  0:01  Probe  
  13  0:14  Probe  
  14  0:25  Pylon  
  14  0:41  Assimilator  
  14  0:53  Probe  
  15  0:57  Gateway  
  15  1:05  Probe  
  16  1:18  Probe (Chrono Boost)  
  17  1:29  Probe (Chrono Boost)  
  17  1:35  Probe (Chrono Boost)  
  18  1:44  Nexus  
  19  1:47  Probe  
  19  1:53  Cybernetics Core  
  19  1:59  Probe  
  20  2:04  Pylon  
  22  2:15  Pylon  
Tags
 
Add a new tag
Caveats
  • Supply blocks, unpowered buildings, or Contaminate may cause inaccurate times.
  • Supply counts are checked every 10 seconds.